 Dungeon Crawl Stone Soup version 0.30-a0-972-gf3ab3527aa (webtiles) character file.

Game seed: 10767073443812041600

3771 Firecrotchwizard the Fighter (level 10, -5/77 HPs)
             Began as a Djinni Conjurer on Apr 1, 2023.
             Was an Initiate of Ashenzari.
             Slain by an ogre mage
             ... wielding a +0 flail
              (13 damage)
             ... on level 9 of the Dungeon.
             The game lasted 00:32:37 (9690 turns).

Firecrotchwizard the Fighter (Djinni Conjurer)      Turns: 9690, Time: 00:32:37

Health: -5/77      AC:  9    Str:  6    XL:     10   Next: 38%
Gold:   583        EV: 14    Int: 24    God:    Ashenzari [......] SH:  0 Dex: 12

rFire   + + .      SeeInvis .    i - +3 mace (heavy) {mace}
rCold   x . .      Faith    .    (no shield)
rNeg    . . .      Spirit   .    D - +0 steam dragon scales
rPois   ∞          Reflect  .    q - +2 hat "Bound With Me" {Melee, Self} (curse)
rElec   .          Rampage  .    h - +0 cloak
rCorr   +                        a - +0 pair of gloves
Will    ++...                    (boots unavailable)
Stlth   +++                      (no amulet)
HPRegen 0.32/turn                H - ring of resist corrosion
MPRegen 0.00/turn                w - ring of willpower

@: about to teleport, flying
A: sickness immunity, fire resistance 2, cold vulnerability 1, float, innate
caster, HP casting, extra vitality 1
a: Renounce Religion, Shatter the Chains


You were on level 9 of the Dungeon.
You worshipped Ashenzari.
Ashenzari was noncommittal.
You visited 2 branches of the dungeon, and saw 10 of its levels.
You also visited: Ossuary.

You collected 583 gold pieces.


Innate Abilities, Weirdness & Mutations

You are immune to sickness and miasma.
You are immune to poison.
Your flesh is very heat resistant. (rF++)
You are vulnerable to cold. (rC-)
You float through the air rather than walking.
You learn spells naturally, not from books.
Your magical power is your life essence.
You have superior vitality. (+4 MHP)


   Skills:
 * Level 8.0(8.4) Fighting
 + Level 6.5 Dodging
 + Level 5.3 Stealth
 * Level 7.5(8.0) Spellcasting


You knew the following spells:

 Your Spells              Type           Power      Damage    Failure   Level
a - Magic Dart            Conj           100%       1d8       1%          1
b - Searing Ray           Conj           96%        2d7       1%          2
c - Dazzling Flash        Conj/Hex       96%        N/A       1%          3
d - Fulminant Prism       Conj/Hex       24%        3d12      2%          4
e - Iskenderun's Mystic   Conj/Tloc      48%        2d11      2%          4
f - Necrotise             Necr           100%       1d9       1%          1
g - Wereblood             Tmut           48%        N/A       1%          2
h - Blink                 Tloc           96%        N/A       1%          2
i - Stone Arrow           Conj/Erth      96%        3d13      1%          3
Your spell library was empty.

Inventory:

Hand Weapons
 i - a +3 heavy mace (weapon) {mace}
   (You took it off an orc on level 3 of the Dungeon)
 k - a +3 whip {mace}
   (You took it off a kobold on level 2 of the Dungeon)
Missiles
 m - 39 stones {throwing}
 s - 18 poisoned darts {throwing}
 A - a curare-tipped dart {=fthrowing}
 C - 2 throwing nets {=f!fthrowing}
Armour
 a - a +0 pair of gloves (worn)
   (You found it on level 8 of the Dungeon)
 h - a +0 cloak (worn)
   (You found it on level 4 of the Dungeon)
 q - the cursed +2 hat "Bound With Me" (worn) {Melee, Self}
   (You found it on level 2 of the Dungeon)

   It has a curse which improves the following skills: Melee Combat: Short
   Blades, Long Blades, Axes, Maces & Flails, Polearms, Staves and Unarmed
   Combat.
   Introspection: Fighting and Spellcasting.
 D - +0 steam dragon scales (worn)
   (You found it on level 8 of the Dungeon)
 K - a +0 plate armour
   (You took it off an orc warrior on level 9 of the Dungeon)
 L - a +0 robe
   (You took it off an orc wizard on level 9 of the Dungeon)
 M - a +0 scale mail
   (You took it off an orc on level 9 of the Dungeon)
Magical Staves
 I - a staff of fire {!astaff}
   (You found it on level 8 of the Dungeon)
Jewellery
 u - a +6 ring of dexterity
   (You found it on level 3 of the Dungeon)
 w - a ring of willpower (right hand)
   (You took it off a goblin on level 4 of the Dungeon)
 y - a ring of fire
   (You found it on level 5 of the Dungeon)
 H - a ring of resist corrosion (left hand)
   (You found it on level 5 of the Dungeon)
Wands
 r - a wand of roots (3)
   (You found it on level 3 of the Dungeon)
 x - a wand of acid (6)
   (You took it off Ijyb on level 3 of the Dungeon)
 F - a wand of flame (50)
   (You found it on level 4 of the Dungeon)
Scrolls
 b - a scroll of fear
 e - 7 scrolls of identify {@r1}
 l - 2 scrolls of vulnerability {!r!r}
 n - 3 scrolls of immolation {!r!r}
 t - 5 scrolls of teleportation {@r4}
 v - a scroll of blinking {!r}
 G - a scroll of fog
Potions
 c - a potion of brilliance {unknown}
 d - 3 potions of attraction {unknown}
 f - 6 potions of curing {@q1}
 g - 5 potions of heal wounds {unknown}
 j - 2 potions of invisibility {unknown}
 o - 4 potions of degeneration {unknown}
 p - a potion of resistance {unknown}
 z - 3 potions of cancellation {unknown}
 B - a potion of might {unknown}
 E - a potion of lignification {unknown}
 J - a potion of ambrosia {unknown}

Dungeon Overview and Level Annotations

Branches:
Dungeon (9/15) Zot: 26820  Temple (1/1) D:7 Zot: 5763 Ossuary (visited)
   Lair: D:8-11         Orc: D:9-12

Altars:
Ashenzari
Cheibriados
Dithmenos
Elyvilon
Fedhas
Gozag
Hepliaklqana
Makhleb
Nemelex Xobeh
Qazlal
Ru
Trog
Uskayaw
Wu Jian
Xom
Yredelemnul
The Shining One

Shops:
D:5 (

Annotations:
D:4 1 runed translucent door, exclusion: black bear, Crazy Yiuf, Grinder
D:6 exclusion: 3 lemures, Maggie, Pikel
D:8 4 transporters

##...##.............
#...................
#######..#######.....
#..# ..... #..# ....
#..# ....
#######†.#######.....
.......[.............
...........4{@.......
...#########.........
.. #.........
#.......:. #.........
.......... ..........
###########


You could see an orange demon.


Message History

Prince Ribbit comes into view.
Your fulminant prism crackles loudly.
Prince Ribbit blinks!
The blast of energy engulfs the troll!! 😕 HP[+1] Unknown command.
Casting: Fulminant Prism (dangerous; 2% risk of failure)
Confirm with . or Enter, or press ? or * to list all spells.
Aiming: Fulminant Prism (dangerous; 2% risk of failure)
Press: ? - help, Dir - move target, f - troll
Aim: a troll (almost dead)
Okay, then.
Casting: Fulminant Prism (dangerous; 2% risk of failure)
Confirm with . or Enter, or press ? or * to list all spells.
Okay, then.
Casting: Fulminant Prism (dangerous; 2% risk of failure)
Confirm with . or Enter, or press ? or * to list all spells.
Aiming: Stone Arrow (safe; 1% risk of failure)
Press: ? - help, Shift-Dir - straight line, f - troll
Aim: a troll (almost dead, 76% to hit)
The stone arrow hits the troll!
You kill the troll!
The troll leather armour is intact enough to wear. 😕 HP[-3]
You take 3 damage, and now have 61/76 hp.
Casting: Stone Arrow (safe; 1% risk of failure)
Confirm with . or Enter, or press ? or * to list all spells.
Aiming: Fulminant Prism (dangerous; 2% risk of failure)
Press: ? - help, Dir - move target You conjure a prism of explosive energy!
A fulminant prism comes into view.
An orange demon comes into view.
Your magical contamination has completely faded away. 😮 HP[-4]
You take 4 damage, and now have 57/76 hp.
Something hits your fulminant prism!
Your fulminant prism crackles loudly. 😕 HP[+1]
The blast of energy engulfs something!!
The blast of energy engulfs Prince Ribbit!!
You hear a shout!
Casting: Fulminant Prism (dangerous; 2% risk of failure)
Confirm with . or Enter, or press ? or * to list all spells.
Aiming: Fulminant Prism (dangerous; 2% risk of failure)
Press: ? - help, Dir - move target You conjure a prism of explosive energy!
A fulminant prism comes into view. 😮 HP[-4]
You take 4 damage, and now have 54/76 hp.
Your fulminant prism crackles loudly. 😮 HP[+1] Prince Ribbit croaks regally.
Prince Ribbit hits your fulminant prism.
The blast of energy engulfs Prince Ribbit!!
You kill Prince Ribbit!
Prince Ribbit returns to his original shape as he dies.
The blast of energy engulfs something!
You hear a shout!
Your Fighting skill increases to level 8! 😮 HP[+1]
You now have 77 max hp (+1).
Casting: Fulminant Prism (dangerous; 2% risk of failure)
Confirm with . or Enter, or press ? or * to list all spells.
Aiming: Fulminant Prism (dangerous; 2% risk of failure)
Press: ? - help, Dir - move target You see a ghostly outline there, and the spell fizzles. 😮 HP[-4]
You take 4 damage, and now have 52/77 hp.
Casting: Fulminant Prism (dangerous; 2% risk of failure)
Confirm with . or Enter, or press ? or * to list all spells.
Aiming: Fulminant Prism (dangerous; 2% risk of failure)
Press: ? - help, Dir - move target You conjure a prism of explosive energy!
A fulminant prism comes into view.
Something hits you. 😮 HP[-6]
You take 6 damage, and now have 46/77 hp.
Your fulminant prism crackles loudly. 😮 HP[+1]
You hear some strange, mumbled words.
You suddenly lose the ability to move!
A vampire comes into view.
The blast of energy engulfs the orange demon!!
The blast of energy engulfs something!
Something hits you!
* * * LOW HITPOINT WARNING * * *
The vampire gestures wildly while chanting.
The vampire flickers and vanishes!
The orange demon stings you from afar!
* * * LOW HITPOINT WARNING * * *
Something hits you!
* * * LOW HITPOINT WARNING * * *
The orange demon stings you from afar.
* * * LOW HITPOINT WARNING * * *
You can move again. 😱 HP[-39]
You take 39 damage, and now have 8/77 hp.
MASSIVE DAMAGE!! (PAUSE)
As you read the scroll of teleportation {@r4}, it crumbles to dust.
You feel strangely unstable. Something hits you!
You die...

Skill      XL: |  1  2  3  4  5  6  7  8  9 10 |
---------------+-------------------------------+-----
Spellcasting   | 4 5 6 7 |  7.5
Fighting       | 1 2 4 5 7 8 |  8.0
Stealth        | 2 3 4 5 |  5.3
Dodging        | 3 4 5 6 |  6.5

Action                     |  1- 3 |  4- 6 |  7- 9 | 10-12 || total
---------------------------+-------+-------+-------+-------++-------
  Melee: Mace              |       |       |     1 |       ||     1
   Cast: Magic Dart        |    75 |    72 |    60 |    29 ||   236
         Searing Ray       |     3 |    15 |    28 |     8 ||    54
         Fulminant Prism   |       |     3 |    14 |    20 ||    37
         Blink             |       |       |     8 |       ||     8
         Stone Arrow       |       |       |       |     1 ||     1
 Invoke: Curse Item        |       |       |       |     1 ||     1
  Evoke: Wand              |       |     1 |     7 |       ||     8
    Use: Scroll            |       |       |    11 |     2 ||    13
 Armour: Robe              |     1 |     2 |    14 |       ||    17
         Steam dragon scal |       |       |       |     2 ||     2
  Dodge: Dodged            |     3 |    10 |    35 |     4 ||    52

Levels and vault maps discovered:
D:1:      heliophobic_arrival_glass_houses, layout_basic,
          shapermc_ecumenical_altar_flowoftime
D:2:      layout_basic
D:3:      kennysheep_six_static_rooms, layout_loops_ring, uniq_ijyb
D:4:      layout_loops_ring, enter_ossuary_2, uniq_grinder,
          uniq_crazy_yiuf_cottage
D:5:      layout_basic, serial_shops, nicolae_shop_bloodbath_and_beyond,
          bh_walls_and_bars
D:6:      layout_loops_ring, uniq_pikel, uniq_maggie
D:7:      layout_layer_cave, minmay_temple_entry_arrows, enter_bailey_6
D:8:      layout_loops_corners, mainiacjoe_overflow_large_starburst,
          nicolae_diode_quadrants
D:9:      minmay_chopped_fan, layout_long_grid, uniq_prince_ribbit1,
          uniq_amaemon
Temple:   nicolae_temple_slightly_damp_pantheon

Notes
Turn   | Place    | Note
-------+----------+-------------------------------------------
     0 | D:1      | Firecrotchwizard the Djinni Conjurer began the quest for
                  | the Orb.
     0 | D:1      | Firecrotchwizard set off with the following spells
                  | memorised: Magic Dart, Searing Ray, Dazzling Flash,
                  | Fulminant Prism, Iskenderun's Mystic Blast.
     0 | D:1      | Reached XP level 1. HP: 15/15 MP: 0/0
     0 | D:1      | magus.rc [v1.9.6]
   158 | D:1      | Reached XP level 2. HP: 20/21 MP: 0/0
   484 | D:1      | Found a faded altar of an unknown god.
   779 | D:2      | Reached XP level 3. HP: 15/25 MP: 0/0
   779 | D:2      | Learned a level 1 spell: Necrotise
  1005 | D:2      | Reached skill level 4 in Spellcasting
  1624 | D:3      | Reached XP level 4. HP: 29/31 MP: 0/0
  2003 | D:3      | Reached skill level 1 in Fighting
  2017 | D:3      | Reached XP level 5. HP: 29/37 MP: 0/0
  2017 | D:3      | Learned a level 2 spell: Wereblood
  2068 | D:3      | Noticed Ijyb
  2079 | D:3      | HP: 9/37 [Ijyb/bolt of acid (22)]
  2080 | D:3      | HP: 3/37 [Ijyb/+0 dagger (5)]
  2081 | D:3      | Killed Ijyb
  2318 | D:3      | Reached skill level 2 in Stealth
  2665 | D:4      | Reached skill level 2 in Fighting
  2665 | D:4      | Reached XP level 6. HP: 38/43 MP: 0/0
  2726 | D:4      | Reached skill level 3 in Dodging
  2938 | D:4      | Noticed a black bear
  3119 | D:4      | Noticed Grinder
  3196 | D:4      | Found a sand-covered staircase.
  3201 | Ossuary  | Entered an ossuary
  3208 | Ossuary  | Reached XP level 7. HP: 34/49 MP: 0/0
  3208 | Ossuary  | Learned a level 2 spell: Blink
  3395 | D:4      | Reached skill level 3 in Fighting
  3395 | D:4      | Reached skill level 5 in Spellcasting
  3549 | D:4      | Found a runed translucent door.
  3550 | D:4      | Noticed Crazy Yiuf
  3926 | D:5      | Entered Level 5 of the Dungeon
  4447 | D:5      | Found Zecaoker's Weapon Shop.
  4553 | D:5      | Reached skill level 3 in Stealth
  4745 | D:6      | Reached skill level 4 in Fighting
  4745 | D:6      | Reached XP level 8. HP: 52/58 MP: 0/0
  4781 | D:6      | Noticed Maggie
  4882 | D:6      | Reached skill level 4 in Dodging
  5013 | D:6      | Noticed a yak
  5013 | D:6      | Noticed a yak
  5014 | D:6      | Noticed a yak
  5014 | D:6      | Noticed a yak
  5015 | D:6      | Noticed a yak
  5022 | D:6      | Killed a yak
  5022 | D:6      | Killed a yak
  5026 | D:6      | Killed a yak
  5027 | D:6      | Reached skill level 5 in Fighting
  5039 | D:6      | Killed a yak
  5040 | D:6      | Reached skill level 6 in Spellcasting
  5046 | D:6      | Reached XP level 9. HP: 23/65 MP: 0/0
  5046 | D:6      | Learned a level 3 spell: Stone Arrow
  5049 | D:6      | HP: 16/65 [yak (5)]
  5075 | D:6      | HP: 13/65 [yak (2)]
  5090 | D:6      | Reached skill level 5 in Dodging
  5090 | D:6      | Reached skill level 4 in Stealth
  5463 | D:6      | Noticed Pikel
  6035 | D:7      | Reached skill level 6 in Fighting
  6177 | D:7      | Found a flagged portal.
  6887 | D:7      | Found a staircase to the Ecumenical Temple.
  6894 | Temple   | Entered the Ecumenical Temple
  7111 | Temple   | Became a worshipper of Ashenzari the Shackled
  7387 | D:7      | HP: 14/66 [spore (20)]
  7439 | D:7      | HP: 14/66 [yak (3)]
  7449 | D:7      | HP: 6/66 [yak (9)]
  7458 | D:7      | HP: 6/66 [yak (1)]
  8227 | D:8      | Reached skill level 7 in Fighting
  8227 | D:8      | Reached skill level 7 in Spellcasting
  8235 | D:8      | Reached XP level 10. HP: 58/75 MP: 0/0
  8242 | D:8      | Reached skill level 6 in Dodging
  8342 | D:8      | Found an opulent altar of Gozag.
  8850 | D:8      | Found a transporter.
  8854 | D:8      | Found a transporter.
  8864 | D:8      | Found a transporter.
  8864 | D:8      | Found a transporter.
  9198 | D:8      | Reached skill level 5 in Stealth
  9670 | D:9      | Noticed an ogre mage
  9673 | D:9      | Noticed Prince Ribbit
  9676 | D:9      | Noticed an orange demon
  9681 | D:9      | Killed Prince Ribbit
  9682 | D:9      | Reached skill level 8 in Fighting
  9685 | D:9      | Paralysed by something for 5 turns
  9689 | D:9      | HP: 11/77 [something (15)]
  9690 | D:9      | Slain by an ogre mage

Vanquished Creatures
  A troll (D:9)
  Prince Ribbit (D:9)
  10 yaks
  2 steam dragons (D:8)
  An orc warrior (D:9)
  An ice beast (D:8)
  A sky beast (D:8)
  2 ogres
  A phantom (D:6)
  3 kobold brigands (D:8)
  2 bullfrogs (D:7)
  A scorpion (D:6)
  5 hounds
  An orc priest (D:3)
  A jelly (D:7)
  A gnoll bouda (D:4)
  A sleepcap (D:6)
  Ijyb (D:3)
  2 orc wizards
  3 iguanas (D:5)
  2 mummies (Ossuary)
  12 gnolls
  3 adders (D:4)
  3 shadow imps
  A white imp (D:6)
  4 ufetubi
  2 worms
  4 dart slugs
  21 orcs
  A bat (D:3)
  4 endoplasms
  6 giant cockroaches
  9 goblins
  8 hobgoblins
  4 jackals (D:3)
  4 quokkas
  2 ball pythons
  2 frilled lizards (D:2)
  14 kobolds
  8 rats
  A fulminant prism (D:8)
156 creatures vanquished.

Vanquished Creatures (others)
  35 fulminant prisms
35 creatures vanquished.

Grand Total: 191 creatures vanquished

Table legend:
 A = Non-vault XP
 B = Vault XP
 C = Vault XP percentage of total XP
 D = Non-vault monster count
 E = Vault monster count
 F = Vault count percentage of total count
                 A         B        C        D         E       F
            +---------+---------+-------+---------+---------+-------
      Total |    4720 |     668 |  12.4 |     144 |      11 |   7.1
            +---------+---------+-------+---------+---------+-------
        D:1 |      22 |       0 |   0.0 |      11 |       0 |   0.0
        D:2 |      34 |       0 |   0.0 |      18 |       0 |   0.0
        D:3 |     141 |      48 |  25.4 |      24 |       7 |  22.6
        D:4 |     321 |       0 |   0.0 |      28 |       0 |   0.0
        D:5 |     328 |       0 |   0.0 |      11 |       0 |   0.0
        D:6 |    1339 |       0 |   0.0 |      13 |       0 |   0.0
        D:7 |     983 |       0 |   0.0 |      10 |       0 |   0.0
        D:8 |    1374 |       0 |   0.0 |      25 |       0 |   0.0
        D:9 |     178 |     584 |  76.6 |       4 |       2 |  33.3
    Ossuary |       0 |      36 | 100.0 |       0 |       2 | 100.0
            +---------+---------+-------+---------+---------+-------

Illustrated notes

Table legend:
 A = Kills in this place as a percentage of kills in the entire game.
 B = Kills by you in this place as a percentage of kills by you in the entire game.
 C = Kills by friends in this place as a percentage of kills by friends in the entire game.
 D = Other kills in this place as a percentage of other kills in the entire game.
 E = Experience gained in this place as a percentage of experience gained in the entire game.
 F = Experience gained in this place divided by the number of levels of this place that you have seen.
                   A       B       C       D       E      F
               +-------+-------+-------+-------+-------+----------------------
         Total | 100.0 | 100.0 |   N/A |   N/A | 100.0 | 489.8
       Dungeon |  98.7 |  98.7 |   N/A |   N/A |  99.3 | 594.7
       Ossuary |   1.3 |   1.3 |   N/A |   N/A |   0.7 |  36.0
               +-------+-------+-------+-------+-------+----------------------

Table legend: (Time is in decaauts)
 A = Elapsed time spent in this place.
 B = Non-inter-level travel time spent in this place.
 C = Inter-level travel time spent in this place.
 D = Time resting spent in this place.
 E = Time spent auto-exploring this place.
 F = Levels seen in this place.
 G = Mean time per level.
                   A        B        C        D        E       F      G
               +--------+--------+--------+--------+--------+-----+--------+
         Total |   9688 |   9272 |    416 |   1642 |   6542 |  11 |  880.7 |
       Dungeon |   9441 |   9064 |    377 |   1642 |   6364 |   9 | 1049.0 |
        Temple |    236 |    197 |     39 |      0 |    178 |   1 |  236.0 |
       Ossuary |      9 |      9 |      0 |      0 |      0 |   1 |    9.0 |
               +--------+--------+--------+--------+--------+-----+--------+

Top non-repeatable levels by time:
     D:7: 1728 daAuts
     D:6: 1407 daAuts
     D:8: 1401 daAuts
     D:4: 1274 daAuts
     D:3: 1133 daAuts
     D:5: 811 daAuts
     D:2: 781 daAuts
     D:1: 724 daAuts
  Temple: 236 daAuts
     D:9: 178 daAuts
 Ossuary: 9 daAuts
